 Dungeon Crawl Stone Soup version 0.27-a0-1119-gbf574a6a6b (webtiles) character file.

Game seed: 14123214634432972203

4477 jasper the Unhurried (level 10, -2/63 HPs)
             Began as a Demonspawn Air Elementalist on May 2, 2021.
             Was a Believer of Cheibriados.
             Slain by a two-headed ogre
             ... wielding a +0 giant club
              (13 damage)
             ... on level 9 of the Dungeon.
             The game lasted 00:18:26 (13811 turns).

jasper the Unhurried (Demonspawn Air Elementalist) Turns: 13811, Time: 00:18:27

Health: -2/63      AC:  5    Str: 13    XL:     10   Next: 15%
Magic:  7/17       EV: 12    Int: 25    God:    Cheibriados [**....]
Gold:   1032       SH:  6    Dex: 19    Spells: 4/17 levels left

rFire    . . .     SeeInvis .   s - staff of air
rCold    . . .     Faith    .   i - +0 buckler
rNeg     + . .     Spirit   .   x - +0 ring mail
rPois    .         Reflect  .   (no helmet)
rElec    +         Harm     .   (no cloak)
rCorr    .         Rampage  .   (no gloves)
Will     .....                  (no boots)
Stlth    ++........             c - amulet of the acrobat
HPRegen  0.20/turn              j - ring of positive energy
MPRegen  0.15/turn              o - ring of wizardry

@: very slow
A: hooves 2, sturdy frame 3
a: Renounce Religion, Bend Time


You were on level 9 of the Dungeon.
You worshipped Cheibriados.
Cheibriados was pleased with you.
You visited 2 branches of the dungeon, and saw 10 of its levels.

You collected 1168 gold pieces.
You spent 136 gold pieces at shops.

Inventory:

Hand Weapons
 e - a +2 short sword of protection
 h - a +3 falchion
 p - a +5 trident of venom
Missiles
 k - 5 atropa-tipped darts
 I - a curare-tipped dart
Armour
 a - a +0 robe
 g - a +1 leather armour
 i - a +0 buckler (worn)
 x - a +0 ring mail (worn)
Magical Staves
 s - a staff of air (weapon)
Jewellery
 c - an amulet of the acrobat (around neck)
 j - a ring of positive energy (left hand)
 o - a ring of wizardry (right hand)
 q - a ring of flight
 y - an amulet of faith
 A - a +6 ring of strength
 E - a ring of positive energy
Wands
 D - a wand of flame (13)
 F - a wand of mindburst (8)
Scrolls
 l - 2 scrolls of immolation
 r - 3 scrolls of teleportation
 u - a scroll of vulnerability {unknown}
 z - a scroll of blinking
 B - 3 scrolls of enchant armour
 C - 2 scrolls of identify
 G - a scroll of magic mapping
Potions
 b - 3 potions of curing
 d - a potion of might
 f - 2 potions of lignification
 m - a potion of brilliance
 n - 4 potions of degeneration
 t - a potion of magic
 v - a potion of heal wounds {unknown}
 w - 4 potions of haste {unknown}
 H - a potion of attraction {unknown}


   Skills:
 - Level 1.7 Dodging
 - Level 1.7 Stealth
 - Level 4.0 Shields
 - Level 4.1 Spellcasting
 - Level 7.6 Conjurations
 - Level 7.5 Air Magic
 + Level 10.6 Invocations


You had 4 spell levels left.
You knew the following spells:

 Your Spells              Type           Power      Damage    Failure   Level
a - Shock                 Conj/Air       100%       1d9       1%          1
b - Swiftness             Air            59%        N/A       1%          3
c - Airstrike             Air            29%        N/A       1%          4
d - Lightning Bolt        Conj/Air       29%        1d46      4%          5

Your spell library contained the following spells:

 Spells                   Type           Power      Damage    Failure   Level
 Magic Dart               Conj           100%       1d8       1%          1
 Poisonous Vapours        Pois/Air       70%        N/A       1%          2
 Searing Ray              Conj           86%        3d6       1%          2
 Static Discharge         Conj/Air       59%        N/A       1%          2
 Mephitic Cloud           Conj/Pois/Air  45%        N/A       1%          3
 Dazzling Flash           Conj/Hex       48%        N/A       2%          3
 Animate Skeleton         Necr           10%        N/A       3%          1
 Pain                     Necr           20%        1d5       3%          1
 Sting                    Tmut/Pois      20%        1d4       3%          1
 Fulminant Prism          Conj/Hex       12%        3d9       8%          4
 Iskenderun's Mystic Bla  Conj/Tloc      24%        2d7       8%          4
 Ignite Poison            Fire/Tmut/Pois 5%         N/A       11%         3
 Vampiric Draining        Necr           2%         2d6       11%         3
 Animate Dead             Necr           2%         N/A       32%         4
 Olgreb's Toxic Radiance  Pois           5%         N/A       32%         4
 Agony                    Necr           5%         N/A       65%         5


Dungeon Overview and Level Annotations

Branches:
Dungeon (9/15)             Temple (1/1) D:7
   Lair: D:8-11         Orc: D:9-12

Altars:
Cheibriados
Dithmenos
Elyvilon
Fedhas
Kikubaaqudgha
Makhleb
Nemelex Xobeh
Okawaru
Sif Muna
Uskayaw
Vehumet
Wu Jian
Xom
Yredelemnul
Zin
The Shining One

Shops:
D:7 ?*(   D:8 (

Annotations:
D:4 2 runed translucent doors, exclusions: door and statue, noodleboyJ's ghost, amateur DrFi


Innate Abilities, Weirdness & Mutations

You have hoof-like feet.
Your movements are significantly less encumbered by armour. (ER -6)


Message History

The two-headed ogre is moderately wounded.
You now have 11/17 mp.
Aiming: Shock (safe; 1% risk of failure)
Press: ? - help, Q - select action, (/) - cycle Shift-Dir - straight line, f/p - two-headed ogre
Aim: a two-headed ogre, wielding a +0 giant club and a +0 giant spiked club (moderately wounded, 88% to hit)
You feel a surge of power!
The zap hits the two-headed ogre.
The two-headed ogre is heavily wounded.
You block the two-headed ogre's attack. x2
Aiming: Shock (safe; 1% risk of failure)
Press: ? - help, Q - select action, (/) - cycle Shift-Dir - straight line, f/p - two-headed ogre
Aim: a two-headed ogre, wielding a +0 giant club and a +0 giant spiked club (heavily wounded, 88% to hit)
You feel a surge of power!
The zap hits the two-headed ogre!
The two-headed ogre is severely wounded.
The two-headed ogre hits you with a +0 giant club!
You block the two-headed ogre's attack.
You take 17 damage, and have 46/63 hp.
MASSIVE DAMAGE!!
You now have 10/17 mp.
Aiming: Shock (safe; 1% risk of failure)
Press: ? - help, Q - select action, (/) - cycle Shift-Dir - straight line, f/p - two-headed ogre
Aim: a two-headed ogre, wielding a +0 giant club and a +0 giant spiked club (severely wounded, 88% to hit)
You feel a surge of power!
The zap hits the two-headed ogre but does no damage.
The two-headed ogre is severely wounded.
The two-headed ogre barely misses you.
The two-headed ogre hits you with a +0 giant spiked club!!
You take 21 damage, and have 25/63 hp.
MASSIVE DAMAGE!!
You now have 9/17 mp.
Aiming: Shock (safe; 1% risk of failure)
Press: ? - help, Q - select action, (/) - cycle Shift-Dir - straight line, f/p - two-headed ogre
Aim: a two-headed ogre, wielding a +0 giant club and a +0 giant spiked club (severely wounded, 88% to hit)
You feel a surge of power!
The zap hits the two-headed ogre!
The two-headed ogre is almost dead.
You now have 8/17 mp.
Aiming: Shock (safe; 1% risk of failure)
Press: ? - help, Q - select action, (/) - cycle Shift-Dir - straight line, f/p - two-headed ogre
Aim: a two-headed ogre, wielding a +0 giant club and a +0 giant spiked club (almost dead, 88% to hit)
You feel a surge of power!
The zap hits the two-headed ogre.
The two-headed ogre is almost dead.
The two-headed ogre hits you with a +0 giant club!
* * * LOW HITPOINT WARNING * * *
The two-headed ogre hits you with a +0 giant spiked club!
You die...

#.#.# #.##.##
#.#.# #.##...
#(#.# #.#####
##.#.# #.#
###....# #.#
#......# #.#
#.#...## #.##.##
#@##.#########
#O##........(#
#.##########.# #.#
#.# #.# #.# # #.#
#.# . #.# #.# #
#.# ######.#
#.#####...##.#####


You could see a two-headed ogre.

Vanquished Creatures
  A two-headed ogre (D:8)
  A shadow (D:9)
  A wyvern (D:8)
  2 vampire mosquitoes (D:9)
  A sky beast (D:6)
  4 orc warriors (D:8)
  3 water moccasins
  2 black bears
  2 necrophages
  An ice beast (D:5)
  2 ogres (D:4)
  2 centaurs
  4 bullfrogs
  2 kobold brigands (D:9)
  3 scorpions
  A water moccasin zombie (D:4)
  A wight (D:8)
  4 howler monkeys
  2 centaur zombies
  A jelly (D:6)
  A bullfrog zombie (D:5)
  3 hounds
  A gnoll shaman (D:7)
  6 orc priests
  A centaur skeleton (D:4)
  3 iguanas
  Terence (D:3)
  3 orc wizards
  A killer bee zombie (D:6)
  A hound skeleton (D:5)
  3 gnolls (D:7)
  6 adders
  A shadow imp (D:5)
  A white imp (D:7)
  2 ufetubi
  An adder skeleton (D:4)
  2 worms
  7 dart slugs
  23 orcs
  6 ball pythons
  4 bats
  2 endoplasms (D:4)
  5 giant cockroaches
  12 goblins
  8 hobgoblins
  3 jackals
  19 kobolds
  3 quokkas (D:4)
  2 frilled lizards
  2 rats
173 creatures vanquished.

Vanquished Creatures (others)
  5 plants
5 creatures vanquished.

Grand Total: 178 creatures vanquished

Notes
Turn   | Place    | Note
-------+----------+-------------------------------------------
     0 | D:1      | jasper the Demonspawn Air Elementalist began the quest for
                  | the Orb.
     0 | D:1      | Reached XP level 1. HP: 13/13 MP: 3/3
   416 | D:1      | Gained mutation: You have large cloven feet. [demonic
                  | ancestry]
   416 | D:1      | Reached XP level 2. HP: 12/19 MP: 0/5
  1125 | D:1      | Found a faded altar of an unknown god.
  1455 | D:2      | Gained mutation: Your movements are slightly less
                  | encumbered by armour. (ER -2) [demonic ancestry]
  1455 | D:2      | Reached XP level 3. HP: 24/24 MP: 4/6
  2418 | D:3      | Learned a level 3 spell: Swiftness
  2559 | D:3      | Reached XP level 4. HP: 29/30 MP: 1/8
  2564 | D:3      | Learned a level 4 spell: Airstrike
  2979 | D:3      | Noticed Terence
  3119 | D:4      | Found a large runed translucent door.
  3119 | D:4      | Found a large runed translucent door.
  3124 | D:4      | Noticed noodleboyJ's ghost (amateur DrFi)
  3166 | D:4      | Noticed an ogre
  3416 | D:4      | Noticed a scorpion
  3421 | D:4      | Killed a scorpion
  3422 | D:4      | Reached XP level 5. HP: 35/35 MP: 3/10
  3855 | D:4      | Gained mutation: Your movements are less encumbered by
                  | armour. (ER -4) [demonic ancestry]
  3855 | D:4      | Reached XP level 6. HP: 37/41 MP: 3/11
  4089 | D:4      | Found a radiant altar of Vehumet.
  4349 | D:4      | Learned a level 5 spell: Lightning Bolt
  4761 | D:4      | Noticed a yak
  4937 | D:4      | Reached XP level 7. HP: 27/46 MP: 8/13
  5226 | D:5      | Entered Level 5 of the Dungeon
  5330 | D:5      | Reached skill level 5 in Air Magic
  5362 | D:5      | Reached skill level 5 in Conjurations
  5867 | D:5      | Reached XP level 8. HP: 33/52 MP: 6/14
  7451 | D:6      | Found a blossoming altar of Fedhas.
  7959 | D:3      | Killed Terence
  8922 | D:7      | Found Finefueg's Weapon Shop.
  8995 | D:7      | Found a staircase to the Ecumenical Temple.
  9002 | Temple   | Entered the Ecumenical Temple
  9055 | Temple   | Became a worshipper of Cheibriados the Contemplative
  9213 | D:7      | Found Qoerisui's Magic Scroll Shop.
  9229 | D:7      | Reached skill level 1 in Invocations
  9365 | D:7      | Bought a scroll of blinking for 97 gold pieces
  9365 | D:7      | Bought a scroll of teleportation for 39 gold pieces
  9373 | D:7      | Found an ancient bone altar of Kikubaaqudgha.
  9382 | D:7      | Reached skill level 1 in Shields
  9382 | D:7      | Reached skill level 2 in Invocations
  9382 | D:7      | Gained mutation: Your movements are significantly less
                  | encumbered by armour. (ER -6) [demonic ancestry]
  9382 | D:7      | Reached XP level 9. HP: 29/57 MP: 9/15
  9906 | D:7      | Found Wyunokav's General Store.
  9958 | D:7      | Noticed a +0 hand axe
  9958 | D:7      | Noticed a +0 hand axe
  9960 | D:7      | Found a hide-covered altar of Uskayaw.
 10804 | D:8      | Reached skill level 3 in Invocations
 11303 | D:8      | Found Qootz's Weapon Shoppe.
 11354 | D:8      | Reached * piety under Cheibriados
 11355 | D:8      | Reached skill level 4 in Invocations
 11768 | D:8      | Reached skill level 5 in Invocations
 11783 | D:8      | Reached skill level 6 in Invocations
 12381 | D:8      | Noticed a two-headed ogre
 12391 | D:8      | Killed a two-headed ogre
 12392 | D:8      | Reached skill level 9 in Invocations
 12570 | D:9      | Gained mutation: You have hoof-like feet. [demonic
                  | ancestry]
 12570 | D:9      | Reached XP level 10. HP: 37/63 MP: 4/17
 12941 | D:9      | Reached skill level 10 in Invocations
 13082 | D:9      | Reached ** piety under Cheibriados
 13800 | D:9      | Noticed a two-headed ogre
 13811 | D:9      | Slain by a two-headed ogre

Illustrated notes

Levels and vault maps discovered:
D:1:      roderic_dead_forest, layout_basic,
          shapermc_ecumenical_altar_mp_ritualfount, minmay_misc_feat_doors
D:2:      layout_loops_ring, minmay_pentomino_u4
D:3:      layout_rooms, serial_forest, infiniplex_forest_lined_2,
          infiniplex_forest_corner_2, infiniplex_forest_corner_1,
          infiniplex_forest_end_1, infiniplex_forest_clump_long,
          infiniplex_forest_end_2, infiniplex_forest_zigzag_2,
          infiniplex_forest_lined_2, infiniplex_forest_clump_cross,
          kennysheep_cross_bottleneck, uniq_terence
D:4:      layout_rooms, vehumet_statue, ebering_ghost_disaster_area,
          st_stairs_5, minmay_divided_ellipse
D:5:      layout_cave_pools
D:6:      layout_loops_cross, gammafunk_temple_overflow_pools,
          chequers_serial_rivers_room_b, minivault_10
D:7:      layout_basic, amcnicky_altar_gilded, dancing_weapons_uskayaw,
          minmay_temple_entry_nine_rooms, lightli_ossuary_entry_decrepit_ruins,
          serial_shops, nicolae_shop_behind_doors, kennysheep_mini, shop_statue,
          serial_bayou_crossing
D:8:      minmay_goldmine, layout_loops_corners, serial_shops, shop, st_stairs_3
D:9:      layout_loops_ring
Temple:   nicolae_temple_god_jail

Skill      XL: |  1  2  3  4  5  6  7  8  9 10 |
---------------+-------------------------------+-----
Air Magic      | 3 4 6 7 |  7.5
Conjurations   | 2 3 4 5 7 |  7.6
Spellcasting   | 3 4 |  4.1
Invocations    | 2 9 10 | 10.6
Shields        | 1 4 |  4.0
Dodging        | |  1.7
Stealth        | |  1.7

Action                   |  1- 3 |  4- 6 |  7- 9 | 10-12 || total
-------------------------+-------+-------+-------+-------++-------
Melee: Unarmed           |    24 |       |       |       ||    24
       Short sword       |    11 |    14 |    18 |       ||    43
       Kick              |       |     5 |     3 |       ||     8
       Staff             |       |       |     2 |       ||     2
 Cast: Shock             |    98 |   112 |   267 |    72 ||   549
       Swiftness         |       |     1 |       |       ||     1
       Lightning Bolt    |       |       |     5 |       ||     5
Evoke: Wand              |       |     2 |     4 |     4 ||    10
  Use: Scroll            |     2 |       |    13 |       ||    15
       Potion            |       |     1 |     4 |       ||     5
Armor: Robe              |     9 |       |       |       ||     9
       Leather armour    |     3 |     3 |    15 |       ||    21
       Ring mail         |       |       |    16 |     6 ||    22
Dodge: Dodged            |    35 |    27 |    91 |    23 ||   176
Block: Buckler           |       |       |    10 |    12 ||    22

Table legend: (Time is in decaauts)
 A = Elapsed time spent in this place.
 B = Non-inter-level travel time spent in this place.
 C = Inter-level travel time spent in this place.
 D = Time resting spent in this place.
 E = Time spent auto-exploring this place.
 F = Levels seen in this place.
 G = Mean time per level.
                   A        B        C        D        E       F      G
               +--------+--------+--------+--------+--------+-----+--------+
         Total |  14729 |  13973 |    756 |   1246 |  11361 |  10 | 1472.9 |
       Dungeon |  14651 |  13936 |    715 |   1246 |  11329 |   9 | 1627.9 |
        Temple |     77 |     37 |     40 |      0 |     32 |   1 |   77.0 |
               +--------+--------+--------+--------+--------+-----+--------+

Top non-repeatable levels by time:
     D:8: 2357 daAuts
     D:4: 2114 daAuts
     D:7: 2110 daAuts
     D:6: 1796 daAuts
     D:3: 1408 daAuts
     D:9: 1293 daAuts
     D:1: 1265 daAuts
     D:2: 1159 daAuts
     D:5: 1145 daAuts
  Temple: 77 daAuts
